AoeStats
← Cinnamoroll

African Clearing

506149020Analyzed
4v4 RM · 20d ago on Sep 12, 2026· 26m 40s· 8 players
Game mode
Random Map
Map size
Large (8 player)
Population
200
Speed
Normal
Resources
Standard
Victory
Conquest
Starting age
Dark Age
Ending age
Imperial Age
RankedLock teamsTeams togetherTeam positionsShared explorationLock speedFull tech treeHidden civsTurbo modeCheats
Victory
Defeat
🇦🇷 Hindustanis · Argentina
1703
+10
🇨🇳 Mapuche · China
1660
+12
1655
+12
🇨🇦 Spanish · Canada
1569
+15
🇩🇪 Mongols · Germany
1576
-13
🇫🇷 Wei · France
1576
-13
🇧🇷 Berbers · Brazil
1551
-12
🇲🇽 Vietnamese · Mexico
1533
-11
Marlin
11:05 Loom
13:41 Feudal Age
14:34 Double-Bit Axe
14:35 Horse Collar
17:28 Castle Age
18:05 Fletching
18:29 Bow Saw
24:23 Wheelbarrow
26:45 Ballistics
26:33 Bodkin Arrow
Cinnamoroll
12:49 Loom
15:33 Feudal Age
17:21 Wheelbarrow
19:54 Castle Age
18:08 Double-Bit Axe
18:30 Fishing Lines
20:53 Bow Saw
20:52 Gillnets
20:51 Horse Collar
21:45 Heavy Plow
23:27 Padded Archer Armor
24:47 Leather Archer Armor
经典不变的回忆 | memory
10:43 Feudal Age
11:23 Double-Bit Axe
13:22 Forging
16:42 Loom
20:48 Castle Age
19:42 Stone Mining
21:53 Bow Saw
22:05 Husbandry
22:11 Town Watch
24:17 Wheelbarrow
24:22 Wheelbarrow
24:01 Gold Mining
Lic. VELEZ Y VINO
9:43 Loom
25:57 Feudal Age
26:23 Double-Bit Axe
27:07 Fletching
MZTK | Evil Xandro
13:02 Feudal Age
13:04 Loom
17:00 Castle Age
16:15 Double-Bit Axe
18:01 Bow Saw
19:23 Fletching
19:33 Padded Archer Armor
22:40 Bodkin Arrow
25:33 Crossbowman
Sorrateiro
3:32 Loom
14:04 Feudal Age
14:47 Town Watch
16:14 Double-Bit Axe
18:44 Castle Age
17:41 Gold Mining
19:43 Bow Saw
20:57 Fletching
24:31 Bodkin Arrow
25:38 Padded Archer Armor
26:54 Ballistics
Erg_Raider
8:03 Loom
13:50 Feudal Age
17:50 Castle Age
15:38 Double-Bit Axe
17:20 Fletching
18:48 Bodkin Arrow
26:53 Ballistics
retaux
13:36 Loom
Connection lost

Rejoining the realm…

Still unreachable

The connection could not be restored.

Session expired

The server has moved on; the page needs a fresh start.